 Dungeon Crawl Stone Soup version 0.32-a0-422-g28b100f618 (webtiles) character file.

Game seed: 4815744277362620542

169 horus123 the Magician (level 5, 0/38 HPs)
             Began as a Mountain Dwarf Earth Elementalist on Feb 22, 2024.
             Slain by Grinder (6 damage)
             ... on level 3 of the Dungeon.
             The game lasted 00:03:44 (2212 turns).

horus123 the Magician (MDEE)                        Turns: 2212, Time: 00:03:46

Health: 0/38       AC:  3    Str: 12    XL:     5   Next: 25%
Magic:  11/12      EV: 11    Int: 16    God:
Gold:   92         SH:  0    Dex: 10    Spells: 12/13 levels left

rFire   . . .        m - +1 flail (protect)
rCold   . . .        (no shield)
rNeg    . . .        a - +0 robe
rPois   .            f - +1 hat
rElec   .            (no cloak)
rCorr   .            (no gloves)
SInv    .            (no boots)
Will    .....        i - amulet of faith
Stlth   ++           (no ring)
HPRegen 0.26/turn    (no ring)
MPRegen 0.13/turn

%: faith
@: no status effects
A: runic magic, artefact enchanting
a: no special abilities


You were on level 3 of the Dungeon.
You visited 1 branch of the dungeon, and saw 3 of its levels.

You collected 92 gold pieces.

Inventory:

Hand Weapons
 d - a +0 flail
 h - the +7 sling "Wiasm" {speed, rF++ Will- Int+4}
   (You found it on level 2 of the Dungeon)

   Int+4:     It affects your intelligence (+4).
   rF++:      It greatly protects you from fire.
   Will-:     It decreases your willpower.
 m - a +1 flail of protection (weapon)
Armour
 a - a +0 robe (worn)
 f - a +1 hat (worn)
 g - a +0 kite shield
 l - a +0 ring mail
Jewellery
 i - an amulet of faith (around neck)
Scrolls
 c - a scroll of teleportation {unknown}
 e - a scroll of identify {unknown}
 o - a scroll of enchant armour {unknown}
Potions
 b - a potion of magic
 j - a potion of haste {unknown}
 k - a potion of berserk rage {unknown}
 n - a potion of brilliance {unknown}


   Skills:
 - Level 1.3 Dodging
 - Level 1.4 Stealth
 + Level 4.6 Spellcasting
 - Level 0.8 Conjurations
 - Level 3.2 Earth Magic


You had 12 spell levels left.
You knew the following spells:

 Your Spells              Type           Power      Damage    Failure   Level
a - Sandblast             Erth           28%        2d8       4%          1

Your spell library contained the following spells:

 Spells                   Type           Power      Damage    Failure   Level
 Passwall                 Erth           14%        N/A       12%         3
 Necrotise                Necr           12%        1d4       16%         1
 Stone Arrow              Conj/Erth      20%        3d8       21%         3
 Vampiric Draining        Necr           3%         2d6       43%         3
 Brom's Barrelling Bould  Conj/Erth      10%        2d3       56%         4
 Petrify                  Alch/Erth      9%         N/A       63%         4
 Martyr's Knell           Necr/Summ      3%         N/A       83%         4
 Curse of Agony           Necr           3%         N/A       99%         5


Dungeon Overview and Level Annotations

Branches:
Dungeon (3/15)

Altars:

Annotations:
D:3 3 runed translucent doors, Grinder; Jaxible's ghost, amateur MDFi


Innate Abilities, Weirdness & Mutations

Your spellcasting is much less encumbered by armour.
You can use scrolls of enchantment on lesser artefacts.


Message History

You hear a splash.
The goblin shoots a sling bullet.
The sling bullet completely misses you.
The goblin shoots a sling bullet.
The sling bullet barely misses you.
You shoot a sling bullet. The sling bullet hits the goblin!
You kill the goblin!
The goblin shoots a sling bullet.
The sling bullet hits you.
You shoot a sling bullet. The sling bullet hits the goblin!
You kill the goblin!
No target in view!
Grinder is nearby!
You shoot a sling bullet. The sling bullet hits Grinder!
Grinder is lightly wounded.
You shoot a sling bullet. The sling bullet barely misses Grinder.
You shoot a sling bullet.
The sling bullet closely misses Grinder.
Grinder hits you!
You writhe in agony.
You are too injured to fight recklessly!
You are too injured to fight recklessly!
Casting: Sandblast (safe; 3% risk of failure)
Confirm with . or Enter, or press ? or * to list all spells.
Aiming: Sandblast (safe; 3% risk of failure)
Press: ? - help, Shift-Dir - straight line, f/p - Grinder
Aim: Grinder (lightly wounded, 80% to hit)
The blast of sand hits Grinder!
Grinder is moderately wounded.
Grinder hits you!
* * * LOW HITPOINT WARNING * * *
Unknown command.
Casting: Sandblast (safe; 3% risk of failure)
Confirm with . or Enter, or press ? or * to list all spells.
You don't know that spell.
Unknown command.
Okay, then.
Your +1 flail of protection hums with potential!
m - a +1 flail of protection (weapon)
Grinder hits you.
* * * LOW HITPOINT WARNING * * *
You writhe in agony.
You die...
Grinder sighs, "Dead already?
I want a refund."

+#######################
...≈≈≈≈≈≈≈≈≈≈≈≈≈≈≈≈≈≈≈≈≈
..~~≈≈≈≈≈≈≈≈≈≈≈≈≈≈≈≈≈≈≈≈
.).~~~~~≈~~~~≈~~≈~~≈~~≈≈
..)~~~...~.~..~~~~~~~~.~
.)).....................
..)...5.................
##@####.......##### ####
##..####.......##### ....
+......'.......'.... ..#
########.......##### ..#
#..........# ..#
###.##.......# ..# #####
#............# ..#
#.#.#####.#.########.#
..#
#.......#.#.)......#.####


You could see Grinder.

Vanquished Creatures
  An orc wizard (D:3)
  A gnoll (D:1)
  5 adders
  2 dart slugs (D:2)
  4 orcs (D:3)
  5 endoplasms
  2 giant cockroaches
  7 hobgoblins
  2 quokkas
  6 ball pythons
  3 frilled lizards (D:1)
  6 goblins
  3 kobolds
  3 rats
50 creatures vanquished.

Notes
Turn   | Place    | Note
-------+----------+-------------------------------------------
     0 | D:1      | horus123 the Mountain Dwarf Earth Elementalist began the
                  | quest for the Orb.
     0 | D:1      | Reached XP level 1. HP: 14/14 MP: 3/3
    47 | D:1      | Reached skill level 2 in Spellcasting
    98 | D:1      | Reached XP level 2. HP: 20/20 MP: 1/5
   469 | D:1      | Reached skill level 3 in Spellcasting
   619 | D:1      | Reached XP level 3. HP: 20/26 MP: 1/7
  1001 | D:2      | Reached XP level 4. HP: 33/33 MP: 6/9
  1221 | D:2      | Identified the +7 sling "Wiasm" {speed, rF++ Will- Int+4}
  1427 | D:2      | Reached skill level 4 in Spellcasting
  1667 | D:3      | Found a runed translucent gate.
  1668 | D:3      | Found a runed translucent gate.
  1669 | D:3      | Found a runed translucent gate.
  1669 | D:3      | Noticed Jaxible's ghost (amateur MDFi)
  1803 | D:3      | Reached XP level 5. HP: 23/38 MP: 9/11
  2197 | D:3      | Noticed Grinder
  2212 | D:3      | Slain by Grinder

Illustrated notes

Levels and vault maps discovered:
D:1:      dpeg_arrival_connections, layout_rooms
D:2:      layout_loops_cross
D:3:      minmay_goblin_kobold_castle, layout_basic, biasface_ghost_orc_armoury,
          minivault_27, grunt_decor_fettered, uniq_grinder

Skill      XL: |  1  2  3  4 |
---------------+-------------+-----
Spellcasting   | 2 3 4 |  4.6
Dodging        | |  1.3
Stealth        | |  1.4
Conjurations   | |  0.8
Earth Magic    | |  3.2

Action                     |  1- 3 |  4- 6 || total
---------------------------+-------+-------++-------
   Fire: Sling             |       |    55 ||    55
   Cast: Sandblast         |    37 |     9 ||    46
 Armour: Robe              |     9 |    24 ||    33
  Dodge: Dodged            |    13 |    14 ||    27

Table legend: (Time is in decaauts)
 A = Elapsed time spent in this place.
 B = Non-inter-level travel time spent in this place.
 C = Inter-level travel time spent in this place.
 D = Time resting spent in this place.
 E = Time spent auto-exploring this place.
 F = Levels seen in this place.
 G = Mean time per level.
                   A        B        C        D        E       F      G
               +--------+--------+--------+--------+--------+-----+--------+
         Total |   2229 |   2145 |     84 |    338 |   1528 |   3 |  743.0 |
       Dungeon |   2229 |   2145 |     84 |    338 |   1528 |   3 |  743.0 |
               +--------+--------+--------+--------+--------+-----+--------+

Top non-repeatable levels by time:
     D:2: 842 daAuts
     D:1: 722 daAuts
     D:3: 664 daAuts
